[ AOE2 MATCH · #508782765 ]
UnrankedBurmese vs Incas
Player's team · WIN
Rival team · LOSS
[ REPLAY ANALYSIS · EXTRACTED FROM THE RECORDED GAME ]
Feudal
9:15
Castle
23:18
Imperial
—
| APM avg | 52.1 |
| APM peak | 84 |
| eAPM avg | 24.7 |
| Villagers / military | 44 / 25 |
Focus
⚔️ 36.0% · 🌾 64.0%
Militia ×12 · Archer ×11 · Knight ×2
Feudal
8:59
Castle
—
Imperial
—
| APM avg | 60.0 |
| APM peak | 132 |
| eAPM avg | 31.9 |
| Villagers / military | 46 / 26 |
Focus
⚔️ 63.9% · 🌾 36.1%
Skirmisher ×14 · Archer ×12 · Unknown (2550) ×3
Match map
Initial resources + every placement click. Lines = walls · curves = elevation contours. ◆ gold · ⬟ stone · ● berries · ✦ relic · ◌ wall gap
Your base· Open — opponent sealed themselves in
La Brianne's base· ✓ Closed at 23:15 · 70t walls · no gate
Smoothed initial terrain · ◌ = detected wall gap · hover for details
Inputs per minute
— Edux_ - - La Brianne
Build order — Edux_
143 actions detected in the replay
| 0:00 | Create | Villager (Male) |
| 0:01 | Create | Villager (Male) |
| 0:01 | Create | Villager (Male) |
| 0:01 | Create | Villager (Male) |
| 0:02 | Build | House |
| 0:03 | Build | House |
| 1:22 | Create | Villager (Male) |
| 1:59 | Create | Villager (Male) |
| 2:06 | Build | Lumber Camp |
| 2:13 | Create | Villager (Male) |
| 2:43 | Create | Villager (Male) |
| 3:06 | Create | Villager (Male) |
| 3:08 | Build | House |
| 3:09 | Build | House |
| 3:31 | Create | Villager (Male) |
| 3:50 | Create | Villager (Male) |
| 4:02 | Create | Villager (Male) |
| 4:51 | Create | Villager (Male) |
| 5:05 | Build | Mill |
| 5:05 | Create | Villager (Male) |
| 5:46 | Create | Villager (Male) |
| 6:02 | Create | Villager (Male) |
| 6:03 | Research | Loom |
| 6:57 | Research | Feudal Age |
| 6:57 | Research | Feudal Age |
| 7:35 | Build | Barracks |
| 8:02 | Build | Mining Camp |
| 8:10 | Build | House |
| 8:23 | Create | Militia |
| 8:23 | Create | Militia |
| 8:23 | Create | Militia |
| 8:23 | Create | Militia |
| 8:31 | Build | Palisade Wall |
| 8:41 | Build | Palisade Wall |
| 9:13 | Create | Villager (Male) |
| 9:15 | Age | Feudal Age |
| 9:31 | Build | Archery Range |
| 9:36 | Create | Villager (Male) |
| 9:38 | Research | Man-at-Arms (upgrade) |
| 9:38 | Research | Man-at-Arms (upgrade) |
| 9:38 | Research | Man-at-Arms (upgrade) |
| 9:45 | Build | Palisade Wall |
| 9:45 | Build | Palisade Wall |
| 9:46 | Build | Palisade Wall |
| 10:25 | Create | Villager (Male) |
| 10:33 | Build | Watch Tower |
| 10:41 | Build | House |
| 10:41 | Create | Archer |
| 10:42 | Create | Archer |
| 10:42 | Create | Archer |
| 10:43 | Create | Villager (Male) |
| 10:55 | Create | Villager (Male) |
| 10:58 | Build | House |
| 11:04 | Create | Archer |
| 11:05 | Create | Archer |
| 11:05 | Create | Archer |
| 11:26 | Create | Villager (Male) |
| 11:43 | Build | Mining Camp |
| 12:04 | Create | Villager (Male) |
| 12:11 | Build | Farm |
| 12:13 | Build | Farm |
| 12:16 | Build | Blacksmith |
| 12:30 | Create | Villager (Male) |
| 12:38 | Build | House |
| 12:41 | Build | Palisade Wall |
| 12:50 | Build | Farm |
| 13:03 | Create | Villager (Male) |
| 13:05 | Create | Archer |
| 13:05 | Create | Archer |
| 13:05 | Create | Archer |
| 13:08 | Build | House |
| 13:12 | Build | Farm |
| 13:27 | Create | Villager (Male) |
| 13:37 | Build | Farm |
| 13:47 | Build | Watch Tower |
| 13:48 | Create | Villager (Male) |
| 13:53 | Build | Farm |
| 14:08 | Create | Archer |
| 14:09 | Create | Archer |
| 14:21 | Build | House |
| 14:27 | Create | Militia |
| 14:27 | Create | Militia |
| 14:55 | Create | Villager (Male) |
| 15:00 | Build | House |
| 15:16 | Create | Villager (Male) |
| 15:24 | Build | Watch Tower |
| 15:29 | Create | Villager (Male) |
| 15:31 | Build | Farm |
| 15:43 | Build | House |
| 15:43 | Build | Palisade Wall |
| 15:45 | Create | Villager (Male) |
| 16:06 | Build | Palisade Wall |
| 16:26 | Create | Militia |
| 16:26 | Create | Militia |
| 16:31 | Build | Farm |
| 16:32 | Build | Farm |
| 16:32 | Create | Villager (Male) |
| 16:39 | Create | Villager (Male) |
| 16:41 | Create | Militia |
| 16:41 | Create | Militia |
| 16:47 | Build | Farm |
| 17:00 | Build | Palisade Wall |
| 17:02 | Build | Palisade Wall |
| 17:05 | Create | Villager (Male) |
| 17:11 | Build | Farm |
| 17:11 | Build | Farm |
| 17:12 | Build | Farm |
| 17:18 | Create | Villager (Male) |
| 17:21 | Build | Watch Tower |
| 17:28 | Create | Villager (Male) |
| 18:03 | Create | Villager (Male) |
| 18:08 | Build | Farm |
| 18:09 | Build | Farm |
| 18:10 | Create | Villager (Male) |
| 18:33 | Create | Villager (Male) |
| 18:35 | Build | Farm |
| 18:49 | Build | Watch Tower |
| 18:52 | Create | Militia |
| 18:52 | Create | Militia |
| 19:11 | Build | Palisade Wall |
| 19:41 | Build | Market |
| 19:54 | Create | Villager (Male) |
| 20:38 | Research | Castle Age |
| 20:44 | Build | Stable |
| 20:50 | Build | House |
| 20:51 | Build | House |
| 21:05 | Research | Scale Barding Armor |
| 21:05 | Research | Scale Barding Armor |
| 21:19 | Build | Farm |
| 21:37 | Create | Villager (Male) |
| 21:38 | Create | Villager (Male) |
| 22:13 | Research | Bloodlines |
| 22:14 | Research | Bloodlines |
| 22:17 | Research | Gold Mining |
| 22:17 | Research | Gold Mining |
| 22:22 | Build | House |
| 22:58 | Build | Stable |
| 23:18 | Age | Castle Age |
| 23:20 | Create | Knight |
| 23:20 | Create | Knight |
| 23:23 | Create | Villager (Male) |
| 23:26 | Create | Villager (Male) |
| 23:28 | Build | Lumber Camp |
Build order — La Brianne
145 actions detected in the replay
| 0:00 | Create | Villager (Male) ×4 |
| 0:01 | Build | House |
| 0:03 | Build | House |
| 1:22 | Create | Villager (Male) |
| 1:54 | Build | Settlement |
| 2:00 | Create | Villager (Male) |
| 2:10 | Create | Villager (Male) |
| 2:41 | Create | Villager (Male) |
| 2:54 | Create | Villager (Male) |
| 3:32 | Create | Villager (Male) |
| 3:32 | Create | Villager (Male) |
| 4:02 | Create | Villager (Male) |
| 4:02 | Create | Villager (Male) |
| 4:36 | Create | Villager (Male) |
| 4:46 | Build | Settlement |
| 5:06 | Create | Villager (Male) |
| 5:09 | Create | Villager (Male) |
| 5:11 | Build | Palisade Wall |
| 5:17 | Build | Palisade Wall |
| 5:17 | Build | Palisade Wall |
| 5:33 | Create | Villager (Male) |
| 5:51 | Research | Loom |
| 6:50 | Research | Feudal Age |
| 7:53 | Build | Palisade Wall |
| 8:11 | Build | Barracks |
| 8:18 | Create | Villager (Male) |
| 8:59 | Age | Feudal Age |
| 9:04 | Build | Archery Range |
| 9:08 | Create | Unit 2550 |
| 9:10 | Create | Villager (Male) |
| 9:13 | Build | Palisade Wall |
| 9:31 | Create | Villager (Male) |
| 9:43 | Research | Double-Bit Axe |
| 9:51 | Build | Palisade Wall |
| 9:57 | Research | Horse Collar |
| 10:00 | Research | Horse Collar |
| 10:01 | Create | Villager (Male) |
| 10:06 | Create | Villager (Male) |
| 10:13 | Build | Palisade Wall |
| 10:15 | Create | Villager (Male) |
| 10:16 | Create | Villager (Male) |
| 10:19 | Build | Palisade Wall |
| 10:21 | Build | Palisade Wall |
| 10:21 | Build | Palisade Wall |
| 10:27 | Create | Skirmisher |
| 10:31 | Create | Skirmisher |
| 10:42 | Create | Skirmisher |
| 10:47 | Create | Villager (Male) |
| 10:58 | Create | Skirmisher |
| 11:02 | Build | Palisade Wall |
| 11:04 | Create | Skirmisher |
| 11:15 | Create | Skirmisher |
| 11:20 | Build | Palisade Wall |
| 11:26 | Create | Skirmisher |
| 11:27 | Create | Villager (Male) |
| 11:32 | Build | Palisade Wall |
| 11:35 | Build | Palisade Wall |
| 11:48 | Build | Palisade Wall |
| 11:52 | Create | Skirmisher |
| 11:52 | Create | Villager (Male) |
| 11:53 | Build | Farm |
| 12:05 | Create | Skirmisher |
| 12:05 | Create | Villager (Male) |
| 12:20 | Build | Palisade Wall |
| 12:23 | Create | Skirmisher |
| 12:35 | Build | Farm |
| 12:35 | Build | Farm |
| 12:48 | Build | Farm |
| 12:53 | Create | Villager (Male) |
| 13:01 | Build | Palisade Wall |
| 13:12 | Build | House |
| 13:16 | Create | Villager (Male) |
| 13:17 | Build | Farm |
| 13:19 | Build | Farm |
| 13:36 | Create | Villager (Male) |
| 13:45 | Build | Blacksmith |
| 13:48 | Build | Palisade Wall |
| 13:58 | Create | Villager (Male) |
| 14:10 | Build | Watch Tower |
| 14:45 | Build | Farm |
| 14:53 | Create | Villager (Male) |
| 14:55 | Build | Palisade Wall |
| 15:00 | Build | Settlement |
| 15:02 | Create | Villager (Male) |
| 15:06 | Build | Palisade Wall |
| 15:10 | Build | Farm |
| 15:13 | Create | Skirmisher |
| 15:23 | Build | Farm |
| 15:32 | Build | Farm |
| 15:44 | Build | House |
| 15:45 | Build | House |
| 15:47 | Create | Villager (Male) |
| 16:03 | Build | Farm |
| 16:04 | Create | Villager (Male) |
| 16:06 | Create | Villager (Male) |
| 16:32 | Create | Unit 2550 |
| 16:32 | Create | Unit 2550 |
| 16:52 | Build | Watch Tower |
| 16:55 | Create | Skirmisher |
| 17:03 | Research | Fletching |
| 17:09 | Build | Palisade Wall |
| 17:10 | Build | Palisade Wall |
| 17:12 | Create | Skirmisher |
| 17:24 | Build | Palisade Wall |
| 17:24 | Build | Palisade Wall |
| 17:25 | Build | Palisade Wall |
| 17:45 | Create | Villager (Male) |
| 17:45 | Create | Villager (Male) |
| 18:35 | Create | Villager (Male) |
| 18:44 | Build | Palisade Wall |
| 18:50 | Create | Skirmisher |
| 19:00 | Build | Palisade Wall |
| 19:08 | Build | Farm |
| 19:16 | Build | Farm |
| 19:18 | Build | Farm |
| 19:39 | Create | Archer |
| 19:52 | Build | Farm |
| 19:55 | Build | Archery Range |
| 19:56 | Create | Villager (Male) |
| 19:58 | Create | Archer |
| 20:02 | Build | Palisade Wall |
| 20:13 | Create | Archer |
| 20:30 | Create | Archer |
| 20:34 | Build | Farm |
| 20:35 | Build | Farm |
| 20:38 | Build | Farm |
| 20:40 | Build | Farm |
| 20:42 | Create | Villager (Male) |
| 20:53 | Create | Archer |
| 21:14 | Create | Archer |
| 21:14 | Create | Villager (Male) |
| 21:21 | Create | Villager (Male) |
| 21:47 | Build | Market |
| 21:49 | Build | House |
| 21:51 | Create | Archer |
| 21:52 | Create | Archer |
| 22:05 | Create | Villager (Male) |
| 22:17 | Create | Archer |
| 22:18 | Create | Archer |
| 22:31 | Create | Archer |
| 22:31 | Create | Archer |
| 22:41 | Create | Villager (Male) |
| 23:15 | Build | Farm |
| 23:15 | Research | Castle Age |
| 23:15 | Research | Castle Age |
Match timeline
| 5:11 | La Brianne · wall_segment Palisade Wall x1 |
| 5:17 | La Brianne · wall_segment Palisade Wall x1 |
| 5:17 | La Brianne · wall_segment Palisade Wall x1 |
| 7:35 | Edux_ · first_building Barracks |
| 7:53 | La Brianne · wall_segment Palisade Wall x8 |
| 8:11 | La Brianne · first_building Barracks |
| 8:31 | Edux_ · wall_segment Palisade Wall x1 |
| 8:41 | Edux_ · wall_segment Palisade Wall x1 |
| 8:59 | La Brianne · age_up feudal |
| 9:04 | La Brianne · first_building Archery Range |
| 9:13 | La Brianne · wall_segment Palisade Wall x8 |
| 9:15 | Edux_ · age_up feudal |
| 9:31 | Edux_ · first_building Archery Range |
| 9:45 | Edux_ · wall_segment Palisade Wall x1 |
| 9:45 | Edux_ · wall_segment Palisade Wall x1 |
| 9:46 | Edux_ · wall_segment Palisade Wall x1 |
| 9:51 | La Brianne · wall_segment Palisade Wall x1 |
| 10:13 | La Brianne · wall_segment Palisade Wall x1 |
| 10:19 | La Brianne · wall_segment Palisade Wall x1 |
| 10:21 | La Brianne · wall_segment Palisade Wall x1 |
| 10:21 | La Brianne · wall_segment Palisade Wall x1 |
| 11:02 | La Brianne · wall_segment Palisade Wall x1 |
| 11:20 | La Brianne · wall_segment Palisade Wall x1 |
| 11:32 | La Brianne · wall_segment Palisade Wall x15 |
| 11:35 | La Brianne · wall_segment Palisade Wall x1 |
| 11:48 | La Brianne · wall_segment Palisade Wall x1 |
| 12:20 | La Brianne · wall_segment Palisade Wall x1 |
| 12:41 | Edux_ · wall_segment Palisade Wall x1 |
| 13:01 | La Brianne · wall_segment Palisade Wall x1 |
| 13:48 | La Brianne · wall_segment Palisade Wall x5 |
| 14:55 | La Brianne · wall_segment Palisade Wall x1 |
| 15:06 | La Brianne · wall_segment Palisade Wall x6 |
| 15:43 | Edux_ · wall_segment Palisade Wall x17 |
| 16:06 | Edux_ · wall_segment Palisade Wall x1 |
| 17:00 | Edux_ · wall_segment Palisade Wall x4 |
| 17:02 | Edux_ · wall_segment Palisade Wall x1 |
| 17:09 | La Brianne · wall_segment Palisade Wall x3 |
| 17:10 | La Brianne · wall_segment Palisade Wall x7 |
| 17:24 | La Brianne · wall_segment Palisade Wall x1 |
| 17:24 | La Brianne · wall_segment Palisade Wall x1 |
| 17:25 | La Brianne · wall_segment Palisade Wall x1 |
| 18:44 | La Brianne · wall_segment Palisade Wall x1 |
| 19:00 | La Brianne · wall_segment Palisade Wall x1 |
| 19:11 | Edux_ · wall_segment Palisade Wall x4 |
| 20:02 | La Brianne · wall_segment Palisade Wall x3 |
| 20:24 | Edux_ · first_market_buy 100 food |
| 20:44 | Edux_ · first_building Stable |
| 22:58 | La Brianne · first_market_buy 100 food |
| 23:02 | La Brianne · first_market_sell 100 stone |
| 23:18 | Edux_ · age_up castle |
| 23:29 | La Brianne · resign |
[ AI ANALYSIS · 1 CREDIT ]
What really happened in this match?
Wolo.gg analyzes every decision: build order, eco, micro, common mistakes by bracket. Personalized analysis on WhatsApp or Discord in 30 seconds.
Civ guide
Burmese
Perfil
Jugador #2550312